 Dungeon Crawl Stone Soup version 0.30-a0-626-gd6a5dd7a1f (webtiles) character file.

Game seed: 1929798265405083543

46 bande the Covered (level 3, 0/24 HPs)
             Began as a Gargoyle Fighter on Jan 11, 2023.
             Slain by Natasha (8 damage)
             ... on level 2 of the Dungeon.
             The game lasted 00:01:00 (690 turns).

bande the Covered (Gargoyle Fighter)                 Turns: 690, Time: 00:01:00

Health: 0/24       AC: 10    Str: 19    XL:     3   Next: 66%
Magic:  3/3        EV:  9    Int:  8    God:
Gold:   75         SH:  4    Dex: 11    Spells: 2/2 levels left

rFire   . . .      SeeInvis .    a - +0 war axe
rCold   . . .      Faith    .    c - +0 buckler
rNeg    + . .      Spirit   .    b - +0 scale mail
rPois   ∞          Reflect  .    (no helmet)
rElec   +          Harm     .    (no cloak)
rCorr   .          Rampage  .    (no gloves)
Will    .....                    (no boots) Stlth
                                 (no amulet)
HPRegen 0.24/turn                (no ring)
MPRegen 0.08/turn                (no ring)

@: slowed, very slow
A: sickness immunity, AC +3, negative energy resistance 1, electricity
resistance, torment resistance 1, petrification resistance
a: no special abilities


You were on level 2 of the Dungeon.
You visited 1 branch of the dungeon, and saw 2 of its levels.

You collected 75 gold pieces.

Inventory:

Hand Weapons
 a - a +0 war axe (weapon)
Armour
 b - a +0 scale mail (worn)
 c - a +0 buckler (worn)
Wands
 j - a wand of flame (7)
Scrolls
 e - 2 scrolls of summoning {unknown}
 f - a scroll of fear {unknown}
 h - a scroll of teleportation {unknown}
 i - a scroll of enchant armour {unknown}
 l - a scroll of vulnerability {unknown}
Potions
 d - a potion of might
 g - a potion of mutation {unknown}
 k - a potion of haste {unknown}


   Skills:
 + Level 3.8 Fighting
 + Level 2.3 Axes
 + Level 3.9 Armour
 + Level 3.6 Shields


You had 2 spell levels left.
You didn't know any spells.
Your spell library was empty.

Dungeon Overview and Level Annotations

Branches:
Dungeon (2/15)

Altars:

Annotations:
D:2 Natasha


Innate Abilities, Weirdness & Mutations

You are immune to sickness and miasma.
Your stone body is resilient. (AC +3)
You are immune to poison.
You resist negative energy. (rN+)
You are resistant to electric shocks. (rElec)
You are resistant to unholy torment.
You are immune to petrification.


Message History

No target in view!
No target in view!
Natasha, Servant of Life and Death comes into view.
She is carrying a wand of roots (7).
Natasha hisses angrily.
Natasha mumbles some strange words.
Natasha's front paws start to glow.
Natasha stares at you and mumbles some strange words.
You resist with significant effort.
Natasha is nearby!
Natasha stares at you and mumbles some strange words.
You feel yourself slow down. Natasha claws you but does no damage.
You barely miss Natasha.
Natasha mumbles some strange words.
Natasha drinks a potion.
Natasha's spells are empowered!
You closely miss Natasha. Natasha claws you!
Natasha mumbles some strange words.
You hit Natasha but do no damage.
Natasha stares at you and mumbles some strange words.
You struggle to resist.
Natasha casts a spell at you.
You feel as though you will be slow longer.
Natasha zaps a wand.
The roots erupt in riotous growth!
The grasping roots grab you!
Natasha is unaffected.
The grasping roots constrict you!
* * * LOW HITPOINT WARNING * * *
The grasping roots release their grip on you.
You are too injured to fight recklessly!
You are too injured to fight recklessly!
You are too injured to fight recklessly!
You are too injured to fight recklessly!
You are too injured to fight recklessly!
You are too injured to fight recklessly!
You are too injured to fight recklessly!
You are too injured to fight recklessly!
You are too injured to fight recklessly!
You hit Natasha.
Natasha is heavily wounded.
Natasha claws you!
You die...

#.# #.# . #.#
....########.#
....55h@...#.#
#..#.#####.#.# #.#)#
#.#.#### ##
###......#######.
....................
######.####.#######.
#.# #.# #. #.# #.#
#.


You could see Natasha (empowered), a crimson imp (summoned) and a shadow imp
(summoned).

Vanquished Creatures
  A gnoll (D:1)
  A worm (D:2)
  A dart slug (D:2)
  2 bats (D:1)
  An endoplasm (D:1)
  4 goblins
  A hobgoblin (D:1)
  4 jackals (D:1)
  3 ball pythons
  4 frilled lizards (D:1)
  6 kobolds
  A rat (D:1)
29 creatures vanquished.

Notes
Turn   | Place    | Note
-------+----------+-------------------------------------------
     0 | D:1      | bande the Gargoyle Fighter began the quest for the Orb.
     0 | D:1      | Reached XP level 1. HP: 14/14 MP: 1/1
    49 | D:1      | Reached XP level 2. HP: 15/19 MP: 2/2
   380 | D:1      | Reached XP level 3. HP: 24/24 MP: 3/3
   683 | D:2      | Noticed Natasha
   690 | D:2      | Slain by Natasha

Illustrated notes

Levels and vault maps discovered:
D:1:      amcnicky_arrival_gap_in_the_tavern_cellar, layout_basic, minmay_tall_x
D:2:      layout_loops_ring, ebering_ecumenical_altar_webs,
          minmay_misc_feat_rows, uniq_natasha, uniq_terence

Skill      XL: |  1  2  3 |
---------------+----------+-----
Axes           | 2 |  2.3
Fighting       | |  3.8
Armour         | |  3.9
Shields        | |  3.6

Action                   || total
-------------------------++-------
Melee: War axe           ||    75
Armor: Scale mail        ||    43
Dodge: Dodged            ||    33
Block: Buckler           ||    22

Table legend: (Time is in decaauts)
 A = Elapsed time spent in this place.
 B = Non-inter-level travel time spent in this place.
 C = Inter-level travel time spent in this place.
 D = Time resting spent in this place.
 E = Time spent auto-exploring this place.
 F = Levels seen in this place.
 G = Mean time per level.
                   A        B        C        D        E       F      G
               +--------+--------+--------+--------+--------+-----+--------+
         Total |    725 |    725 |      0 |      0 |    513 |   2 |  362.5 |
       Dungeon |    725 |    725 |      0 |      0 |    513 |   2 |  362.5 |
               +--------+--------+--------+--------+--------+-----+--------+

Top non-repeatable levels by time:
     D:1: 611 daAuts
     D:2: 114 daAuts
